 Dungeon Crawl Stone Soup version 0.28-a0-1199-gef9e1dbd39 (webtiles) character file.

Game seed: 5041281827814690426

41 SensoryNuts the Skirmisher (level 3, -1/29 HPs)
             Began as a Demonspawn Fighter on Dec 19, 2021.
             Succumbed to an adder's poison
             ... on level 2 of the Dungeon.
             The game lasted 00:01:34 (1483 turns).

SensoryNuts the Skirmisher (Demonspawn Fighter)     Turns: 1483, Time: 00:01:35

Health: -1/29      AC:  6    Str: 18    XL:     3   Next: 32%
Magic:  3/3        EV:  6    Int:  9    God:
Gold:   103        SH:  4    Dex: 12    Spells: 2/2 levels left

rFire   . . .      SeeInvis .   a - +0 long sword
rCold   . . .      Faith    .   c - +0 buckler
rNeg    . . .      Spirit   .   b - +0 scale mail
rPois   .          Reflect  .   (no helmet)
rElec   .          Harm     .   (no cloak)
rCorr   .          Rampage  .   (no gloves)
Will    .....                   (no boots)
Stlth   ..........              (no amulet)
HPRegen 0.09/turn               (no ring)
MPRegen 0.08/turn               (no ring)

@: lethally poisoned (-1 -> -10), constricted
A: demonic touch 2
a: no special abilities


You were on level 2 of the Dungeon.
You visited 1 branch of the dungeon, and saw 2 of its levels.

You collected 103 gold pieces.

Inventory:

Hand Weapons
 a - a +0 long sword (weapon)
Armour
 b - a +0 scale mail (worn)
 c - a +0 buckler (worn)
Scrolls
 e - a scroll of teleportation {unknown}
 f - a scroll of identify {unknown}
Potions
 d - a potion of might
 g - 2 potions of curing {unknown}


   Skills:
 + Level 3.3 Fighting
 + Level 2.2 Long Blades
 + Level 3.0 Armour
 + Level 0.2 Dodging
 + Level 3.1 Shields


You had 2 spell levels left.
You didn't know any spells.
Your spell library was empty.

Dungeon Overview and Level Annotations

Branches:
Dungeon (2/15)

Altars:


Innate Abilities, Weirdness & Mutations

Your touch may inflict irresistible damage on your foes.


Message History

The ball python bites you but does no damage.
You block the ball python's attack. The hobgoblin closely misses you.
You hit the adder.
The adder is moderately wounded.
You feel sick. The ball python misses you. You block the ball python's attack.
The adder bites you.
You are more poisoned.
The adder poisons you! The hobgoblin barely misses you.
The ball python closely misses you. The ball python barely misses you.
You closely miss the adder.
The adder is moderately wounded.
You feel very sick. The adder closely misses you. The adder bites you.
An endoplasm comes into view.
The ball python bites you but does no damage.
The ball python grabs you. The ball python constricts you.
You block the hobgoblin's attack. The adder bites you. x2
* * * LOW HITPOINT WARNING * * *
You are lethally poisoned!
The adder poisons you!
You closely miss the adder.
The adder is moderately wounded.
* * * LOW HITPOINT WARNING * * *
You feel very sick.
The endoplasm quivers.
The ball python bites you but does no damage.
The ball python constricts you. You block the adder's attack.
The hobgoblin hits you but does no damage.
The adder closely misses you. The ball python bites you.
* * * LOW HITPOINT WARNING * * *
The ball python constricts you. The adder bites you but does no damage.
The hobgoblin hits you but does no damage.
The adder barely misses you.
Unknown command.
Unknown command.
Unknown command.
Unknown command.
You barely miss the adder.
The adder is moderately wounded.
You die...

.....#........#
.....#.........
....J#........##
...............#
................
........K.....#
.......SgS....#
#.....S@..#..#
##.###..........#.#
##.................#
###...
#.........##...#
##.....###.....)...#
#...
..............)....#
##
8...8...8..##.(....#
..#...#....##.......#
.###.###...##.......#


You could see 2 adders, an endoplasm, a hobgoblin, a ball python and a kobold.

Vanquished Creatures
  An adder (D:2)
  7 bats (D:1)
  2 endoplasms (D:1)
  A giant cockroach (D:1)
  4 goblins
  A hobgoblin (D:1)
  4 jackals (D:1)
  A kobold (D:1)
  A ball python (D:1)
  3 frilled lizards (D:1)
  5 rats (D:1)
30 creatures vanquished.

Notes
Turn   | Place    | Note
-------+----------+-------------------------------------------
     0 | D:1      | SensoryNuts the Demonspawn Fighter began the quest for the
                  | Orb.
     0 | D:1      | Reached XP level 1. HP: 18/18 MP: 1/1
   186 | D:1      | Gained mutation: Your touch may inflict minor irresistible
                  | damage on your foes. [demonic ancestry]
   186 | D:1      | Reached XP level 2. HP: 19/24 MP: 2/2
   287 | D:1      | Found a faded altar of an unknown god.
   856 | D:1      | Gained mutation: Your touch may inflict irresistible damage
                  | on your foes. [demonic ancestry]
   856 | D:1      | Reached XP level 3. HP: 24/29 MP: 3/3
  1369 | D:1      | You fall into a shaft and drop 1 floor!
  1483 | D:2      | Succumbed to an adder's poison

Illustrated notes

Levels and vault maps discovered:
D:1:      saegor_arrival_fortress, layout_loops_cross,
          shapermc_ecumenical_altar_notcrosses
D:2:      layout_rooms, serial_shops, nicolae_shop_behind_doors,
          minmay_misc_feat_four_crosses

Skill      XL: |  1  2  3 |
---------------+----------+-----
Shields        | 3 |  3.1
Long Blades    | 2 |  2.2
Armour         | 3 |  3.0
Fighting       | |  3.3
Dodging        | |  0.2

Action                   || total
-------------------------++-------
Melee: Long sword        ||    97
Armor: Scale mail        ||    54
Dodge: Dodged            ||    55
Block: Buckler           ||    27

Table legend: (Time is in decaauts)
 A = Elapsed time spent in this place.
 B = Non-inter-level travel time spent in this place.
 C = Inter-level travel time spent in this place.
 D = Time resting spent in this place.
 E = Time spent auto-exploring this place.
 F = Levels seen in this place.
 G = Mean time per level.
                   A        B        C        D        E       F      G
               +--------+--------+--------+--------+--------+-----+--------+
         Total |   1513 |   1489 |     24 |      0 |   1279 |   2 |  756.5 |
       Dungeon |   1513 |   1489 |     24 |      0 |   1279 |   2 |  756.5 |
               +--------+--------+--------+--------+--------+-----+--------+

Top non-repeatable levels by time:
     D:1: 1393 daAuts
     D:2: 120 daAuts
